AoeStats
← Sr.Piquete

Golden Pit

509244152Analyzed
1v1 RM · 6d ago on Sep 26, 2026· 36m 12s· 2 players
Game mode
Random Map
Map size
Tiny (2 player)
Population
200
Speed
Normal
Resources
Standard
Victory
Conquest
Starting age
Dark Age
Ending age
Imperial Age
RankedLock teamsTeams togetherTeam positionsShared explorationLock speedFull tech treeHidden civsTurbo modeCheats
Victory
Defeat
🇨🇱 Saxons · Chile
1182
+18
🇵🇪 Bohemians · Peru
1223
-18
Sr.Piquete
4:13 Loom
10:43 Feudal Age
11:36 Double-Bit Axe
12:21 Scale Mail Armor
11:44 Man-at-Arms
16:09 Wheelbarrow
15:19 Horse Collar
20:30 Castle Age
19:01 Scale Mail Armor
18:25 Man-at-Arms
21:29 Bow Saw
21:52 Chain Mail Armor
21:35 Arson
21:47 Long Swordsman
23:47 Forging
24:03 Squires
25:33 Pikeman
EminenceShadow
6:56 Loom
9:34 Feudal Age
9:59 Double-Bit Axe
13:54 Wheelbarrow
15:03 Wheelbarrow
18:08 Castle Age
16:11 Horse Collar
19:03 Bow Saw
22:33 Scale Barding Armor
28:01 Fletching
29:29 Ballistics
32:32 Bodkin Arrow
34:32 Man-at-Arms
35:12 Squires
35:24 Forging
35:14 Scale Mail Armor
35:13 Long Swordsman
Connection lost

Rejoining the realm…

Still unreachable

The connection could not be restored.

Session expired

The server has moved on; the page needs a fresh start.